 Dungeon Crawl Stone Soup version 0.29.0-11-gd7f09526c8 (webtiles) character file.

Game seed: 17420564659439313532

15 mortz the Caller (level 2, 0/15 HPs)
             Began as a Kobold Summoner on Sept 4, 2022.
             Slain by a hound (5 damage)
             ... on level 1 of the Dungeon.
             The game lasted 00:05:30 (1264 turns).

mortz the Caller (Kobold Summoner)                  Turns: 1264, Time: 00:05:31

Health: 0/15       AC:  8    Str:  5    XL:     2   Next: 65%
Magic:  4/5        EV: 15    Int: 16    God:
Gold:   26         SH:  0    Dex: 15    Spells: 4/5 levels left

rFire   . . .      SeeInvis .   m - +0 dagger (drain) {short}
rCold   . . .      Faith    .   (no shield)
rNeg    + . .      Spirit   .   f - +2 robe {rN+}
rPois   .          Reflect  .   (no helmet)
rElec   .          Harm     .   (no cloak)
rCorr   .          Rampage  .   (no gloves)
Will    .....                   (no boots)
Stlth   +++.......              (no amulet)
HPRegen 0.05/turn               j - +4 ring of protection
MPRegen 0.09/turn               (no ring)

@: no status effects
A: small, no large weapons, nightstalker 3
a: no special abilities


You were on level 1 of the Dungeon.
You visited 1 branch of the dungeon, and saw 2 of its levels.

You collected 26 gold pieces.


Innate Abilities, Weirdness & Mutations

You are small and have problems with some larger weapons.
You are completely attuned to the shadows.


   Skills:
 + Level 2.4 Dodging
 + Level 3.0 Stealth
 + Level 2.2 Spellcasting
 + Level 4.5 Summonings


You had 4 spell levels left.
You knew the following spells:

 Your Spells              Type           Power      Damage    Failure   Level
a - Summon Small Mammal   Summ           64%        N/A       3%          1

Your spell library contained the following spells:

 Spells                   Type           Power      Damage    Failure   Level
 Call Imp                 Summ           16%        N/A       4%          2
 Call Canine Familiar     Summ           16%        N/A       10%         3
 Summon Guardian Golem    Hex/Summ       9%         N/A       24%         3
 Summon Lightning Spire   Summ/Air       9%         N/A       63%         4

Inventory:

Hand Weapons
 c - a +0 club {mace}
   (You found it on level 1 of the Dungeon)
 e - a +0 dagger {short}
   (You took it off a goblin on level 1 of the Dungeon)
 m - a +0 dagger of draining (weapon) {short}
   (You took it off a goblin on level 1 of the Dungeon)
Missiles
 h - 6 stones {throwing}
Armour
 a - a +0 robe
 f - a +2 robe of positive energy (worn)
   (You found it on level 1 of the Dungeon)
 l - a +0 chain mail
   (You found it on level 1 of the Dungeon)
Jewellery
 j - a +4 ring of protection (left hand)
   (You found it on level 1 of the Dungeon)
Scrolls
 d - a scroll of identify {@r1}
 g - a scroll of teleportation {unknown}
 i - a scroll of enchant weapon {unknown}
Potions
 b - a potion of magic
 k - a potion of heal wounds {@q2}

Dungeon Overview and Level Annotations

Branches:
Dungeon (2/15) Zot: 10728

Altars:

#.####.##.##.####.#.....##.......
#.................##..#.######.##
######.##..#.####.......######.#
#......###.#.#.#..###.#........##
#......#.....#...................
#......#.###......###.########.##
#......#...........##.# #......#
#......###########.##.# #......#
#...............@h....# #......##
#......#######.###.r..######.....
####.....# #.# ###.............
#.#.#######.#####..######.....
####.#.###≈~≈~.≈≈≈##..# #.......
...#.#.##≈≈≈≈.≈≈≈≈~#K.# #.......
##.#.#.##≈≈≈.≈≈≈≈≈≈~.#####.......
.#.#.#.##≈≈≈~.~≈≈≈≈≈......####.##
.#.....##≈~~...~~≈≈≈#.###.##..)#


You could see a hound (ally target) and a friendly quokka (summoned).


Message History

There is a transporter here.
You enter the transporter and appear at another place.
You enter the shallow water.
Moving in this stuff is going to be slow.
Done exploring.
As you read the scroll labelled REUWIS TURIMYL, it crumbles to dust.
It is a scroll of identify.
k - a potion of heal wounds You enter the shallow water.
Moving in this stuff is going to be slow.
There is a stone staircase leading down here.
You climb downwards.
There is a stone staircase leading up here.
A goblin comes into view. It is wielding a +0 dagger of venom.
A hobgoblin and a goblin come into view. 2 goblins come into view.
You see here a +0 short sword of flaming {short}.
A hobgoblin comes into view.
A goblin, a hobgoblin and a kobold come into view.
The goblin shouts! x2; The hobgoblin shouts! x3; The goblin shouts!
You hear a bark!
A hound comes into view.
A goblin comes into view. It is wielding a +0 dagger.
The goblin hits you but does no damage.
The goblin shouts!
You hear a shout! x3
The goblin attacks as you move away! The goblin misses you.
The hobgoblin attacks as you move away! The hobgoblin misses you.
The goblin attacks as you move away! The goblin barely misses you.
You see here a +0 short sword of flaming {short}.
The goblin attacks as you move away! The goblin barely misses you.
The goblin attacks as you move away! The goblin misses you.
The hound bites you. The hound barely misses you.
There is a stone staircase leading up here. 😕 HP[-1]
You take 1 damage, and now have 14/15 hp.
The hound misses you. The hobgoblin hits you.
The kobold hits you with a +0 whip.
You climb upwards.
There is a stone staircase leading down here. 😮 HP[-4]
You take 4 damage, and now have 10/15 hp.
MASSIVE DAMAGE!! (PAUSE)
The hound barely misses you. The kobold completely misses you.
The hound bites you. 😮 HP[-2]
You take 2 damage, and now have 8/15 hp.
The hound attacks as you move away! The hound closely misses you.
The kobold barely misses you. The hound closely misses you.
You are too injured to fight recklessly!
Casting: Summon Small Mammal (safe; 3% risk of failure)
Press: ? - help, Q - select action, (/) - cycle Dir - look around, f - activate The hound bites you but does no damage.
The hound barely misses you. 😮 HP[+1] MP[-1]
You lost 1 mp, and now have 4/5 mp.
You swap places.
Your bat completely misses the hound.
The hound misses your bat.
Your bat barely misses the hound.
The hound bites your bat.
Your bat dies!
Your bat's corpse disappears in a puff of smoke!
Casting: Summon Small Mammal (safe; 3% risk of failure)
Press: ? - help, Q - select action, (/) - cycle Dir - look around, f - activate The hound misses you. 😮 MP[-1]
You lost 1 mp, and now have 3/5 mp.
The hound attacks as you move away! The hound bites you but does no damage.
The hound misses you. The hound attacks as you move away! The hound bites you.
The hound barely misses you. 😮 HP[-1]
You take 1 damage, and now have 8/15 hp.
Something hits your rat.
Your rat dies!
Your rat's corpse disappears in a puff of smoke!
You closely miss the hound. The hound misses you.
The hound barely misses you. 😮 MP[+1]
You hit the hound. The hound barely misses you.
Casting: Summon Small Mammal (safe; 3% risk of failure)
Press: ? - help, Q - select action, (/) - cycle Dir - look around, f - activate The hound bites you but does no damage. x2 😮 MP[-1]
You lost 1 mp, and now have 3/5 mp.
Your quokka bites the hound but does no damage.
The hound bites you.
* * * LOW HITPOINT WARNING * * *
😨 HP[-2]
You take 2 damage, and now have 6/15 hp.
Your quokka misses the hound. The kobold misses your quokka.
The hound misses you.
Your quokka closely misses the hound.
The kobold closely misses your quokka. The hound attacks as you move away!
The hound bites you but does no damage. The hound misses you.
The hound bites you.
* * * LOW HITPOINT WARNING * * *
😨 HP[-1]
You take 1 damage, and now have 5/15 hp.
The hound attacks as you move away! The hound bites you but does no damage.
Your quokka misses the hound. The hound attacks as you move away!
The hound misses you. The hound bites you.
You die...

Skill      XL: |  1 |
---------------+----+-----
Stealth        | 3 |  3.0
Dodging        | |  2.4
Spellcasting   | |  2.2
Summonings     | |  4.5

Action                   || total
-------------------------++-------
Melee: Club              ||     4
       Dagger            ||     9
 Cast: Summon Small Mamm ||    10
  Use: Scroll            ||     1
 Stab: Sleeping          ||     7
       Distracted        ||     1
Armor: Robe              ||     8
Dodge: Dodged            ||    27

Levels and vault maps discovered:
D:1:      spicycebolla_arrival_transporter_tutorial, layout_basic,
          shapermc_ecumenical_altar_mp_ritualfount, st_stairs_6
D:2:      layout_rooms, basic_altar, kennysheep_generic_room_13, uniq_robin

Notes
Turn   | Place    | Note
-------+----------+-------------------------------------------
     0 | D:1      | mortz the Kobold Summoner began the quest for the Orb.
     0 | D:1      | Reached XP level 1. HP: 10/10 MP: 3/3
     0 | D:1      | magus.rc [v1.9.6]
    70 | D:1      | Found a faded altar of an unknown god.
   478 | D:1      | Reached skill level 3 in Stealth
   478 | D:1      | Reached XP level 2. HP: 15/15 MP: 3/5
   600 | D:1      | Found a transporter.
  1264 | D:1      | Slain by a hound

Vanquished Creatures
  A bat (D:1)
  2 endoplasms (D:1)
  2 goblins (D:1)
  2 hobgoblins (D:1)
  A kobold (D:1)
8 creatures vanquished.

Vanquished Creatures (collateral kills)
  A giant cockroach (D:1)
  2 goblins (D:1)
3 creatures vanquished.

Vanquished Creatures (others)
  A plant (D:1)
1 creature vanquished.

Grand Total: 12 creatures vanquished

Table legend:
 A = Non-vault XP
 B = Vault XP
 C = Vault XP percentage of total XP
 D = Non-vault monster count
 E = Vault monster count
 F = Vault count percentage of total count
                 A         B        C        D         E       F
            +---------+---------+-------+---------+---------+-------
      Total |      20 |       2 |   9.1 |      10 |       1 |   9.1
            +---------+---------+-------+---------+---------+-------
        D:1 |      20 |       2 |   9.1 |      10 |       1 |   9.1
            +---------+---------+-------+---------+---------+-------

Illustrated notes

Table legend:
 A = Kills in this place as a percentage of kills in entire the game.
 B = Kills by you in this place as a percentage of kills by you in the entire game.
 C = Kills by friends in this place as a percentage of kills by friends in the entire game.
 D = Other kills in this place as a percentage of other kills in the entire game.
 E = Experience gained in this place as a percentage of experience gained in the entire game.
 F = Experience gained in this place divided by the number of levels of this place that you have seen.
                   A       B       C       D       E      F
               +-------+-------+-------+-------+-------+----------------------
         Total | 100.0 | 100.0 | 100.0 |   N/A | 100.0 |  11.0
       Dungeon | 100.0 | 100.0 | 100.0 |   N/A | 100.0 |  11.0
               +-------+-------+-------+-------+-------+----------------------

Table legend: (Time is in decaauts)
 A = Elapsed time spent in this place.
 B = Non-inter-level travel time spent in this place.
 C = Inter-level travel time spent in this place.
 D = Time resting spent in this place.
 E = Time spent auto-exploring this place.
 F = Levels seen in this place.
 G = Mean time per level.
                   A        B        C        D        E       F      G
               +--------+--------+--------+--------+--------+-----+--------+
         Total |   1270 |   1257 |     13 |      0 |   1064 |   2 |  635.0 |
       Dungeon |   1270 |   1257 |     13 |      0 |   1064 |   2 |  635.0 |
               +--------+--------+--------+--------+--------+-----+--------+

Top non-repeatable levels by time:
     D:1: 1256 daAuts
     D:2: 13 daAuts
